 Dungeon Crawl Stone Soup version 0.28.0-53-g5a82cb258f (webtiles) character file.

Game seed: 11450215560369319454

6489 funkygono the Arsonist (level 11, -2/64 HPs)
             Began as a Gargoyle Fire Elementalist on July 13, 2022.
             Was a Believer of Vehumet.
             Slain by a troll (13 damage)
             ... on level 10 of the Dungeon.
             The game lasted 00:20:52 (13208 turns).

funkygono the Arsonist (GrFE)                      Turns: 13208, Time: 00:20:53

Health: -2/64      AC: 21    Str: 13    XL:     11   Next: 0%
Magic:  13/23      EV: 12    Int: 25    God:    Vehumet [**....]
Gold:   414        SH:  0    Dex: 10    Spells: 17/27 levels left

rFire   . . .      SeeInvis .   w - +4 mace
rCold   . . .      Faith    .   (no shield)
rNeg    + . .      Spirit   .   y - +0 steam dragon scales
rPois   ∞          Reflect  .   l - +1 helmet
rElec   +          Harm     .   L - scarf {repulsion}
rCorr   .          Rampage  .   j - +1 pair of gloves
Will    .....                   (no boots)
Stlth   ++........              d - amulet of regeneration
HPRegen 1.00/turn               K - +6 ring of intelligence
MPRegen 0.18/turn               G - +4 ring of protection

@: repel missiles
A: sickness immunity, AC +8, negative energy resistance 1, electricity
resistance, torment resistance 1, petrification resistance
a: Renounce Religion


You were on level 10 of the Dungeon.
You worshipped Vehumet.
Vehumet was pleased with you.
You visited 2 branches of the dungeon, and saw 11 of its levels.
You also visited: Sewer.

You collected 524 gold pieces.
You spent 110 gold pieces at shops.

Inventory:

Hand Weapons
 a - a +1 mace of draining
 o - a +1 mace of protection
 v - a +4 whip
 w - a +4 mace (weapon)
 D - a +3 scimitar of flaming
Armour
 c - a +1 robe of fire resistance
 i - a +0 leather armour
 j - a +1 pair of gloves (worn)
 l - a +1 helmet (worn)
 y - +0 steam dragon scales (worn)
 E - a +4 chain mail
 H - a +0 robe of the Archmagi
 J - +0 swamp dragon scales
 L - a scarf of repulsion (worn)
Magical Staves
 B - a staff of conjuration
Jewellery
 d - an amulet of regeneration (around neck)
 z - an amulet of the acrobat
 C - a ring of wizardry
 G - a +4 ring of protection (right hand)
 K - a +6 ring of intelligence (left hand)
 N - a ring of magical power
 Q - a +4 ring of evasion
Wands
 p - a wand of iceblast (17)
 t - a wand of polymorph (8)
 x - a wand of paralysis (17)
 F - a wand of digging (7)
 I - a wand of flame (8)
Scrolls
 m - 2 scrolls of teleportation
 q - 2 scrolls of vulnerability
 M - a scroll of blinking {unknown}
 O - a scroll of magic mapping
 P - a scroll of enchant weapon {unknown}
 R - a scroll of noise {unknown}
Potions
 b - 8 potions of heal wounds
 e - a potion of might
 f - 5 potions of curing
 g - a potion of resistance {unknown}
 h - a potion of brilliance {unknown}
 k - 2 potions of attraction
 n - 4 potions of mutation
 r - 2 potions of ambrosia
 s - 2 potions of haste
 u - 2 potions of cancellation {unknown}
 A - 3 potions of flight


   Skills:
 * Level 6.2 Fighting
 + Level 3.2 Maces & Flails
 + Level 2.7 Dodging
 + Level 3.3 Stealth
 * Level 8.7 Spellcasting
 * Level 8.1 Conjurations
 * Level 9.0 Fire Magic


You had 17 spell levels left.
You knew the following spells:

 Your Spells              Type           Power      Damage    Failure   Level
a - Foxfire               Conj/Fire      100%       2x1d9     1%          1
b - Scorch                Fire           100%       2d10      1%          2
c - Flame Wave            Conj/Fire      52%        2d11      1%          4
d - Blink                 Tloc           20%        N/A       9%          2
e - Shock                 Conj/Air       100%       1d9       1%          1

Your spell library contained the following spells:

 Spells                   Type           Power      Damage    Failure   Level
 Static Discharge         Conj/Air       31%        N/A       1%          2
 Conjure Flame            Conj/Fire      52%        6-21      1%          3
 Inner Flame              Hex/Fire       33%        N/A       2%          3
 Animate Skeleton         Necr           20%        N/A       5%          1
 Apportation              Tloc           20%        N/A       5%          1
 Summon Small Mammal      Summ           40%        N/A       5%          1
 Ensorcelled Hibernation  Hex/Ice        20%        N/A       9%          2
 Lesser Beckoning         Tloc           10%        N/A       17%         3
 Spider Form              Tmut/Pois      10%        N/A       17%         3
 Anguish                  Hex/Necr       5%         N/A       50%         4
 Manifold Assault         Tloc           10%        N/A       83%         5
 Malign Gateway           Summ/Tloc      5%         N/A       100%        7
 Summon Horrible Things   Summ           5%         N/A       100%        8


Dungeon Overview and Level Annotations

Branches:
Dungeon (10/15)            Temple (1/1) D:6            Lair (0/6) D:9
  Sewer (visited)
    Orc: D:9-12

Altars:
Ashenzari
Cheibriados
Dithmenos
Elyvilon
Fedhas
Gozag
Hepliaklqana
Kikubaaqudgha
Makhleb
Nemelex Xobeh
Okawaru
Qazlal
Ru
Sif Muna
Trog
Uskayaw
Vehumet
Wu Jian
Xom
Yredelemnul
Zin
The Shining One

Shops:
D:6 !

Annotations:
D:10 1 runed translucent door, erker's ghost, journeyman MiFi


Innate Abilities, Weirdness & Mutations

You are immune to sickness and miasma.
Your stone body is resilient. (AC +8)
You are immune to poison.
You resist negative energy. (rN+)
You are resistant to electric shocks. (rElec)
You are resistant to unholy torment.
You are immune to petrification.


Message History

The troll misses you. The troll claws you but does no damage.
The troll claws you. Something hits you but does no damage.
Something bites you!
Things that are here:
a +2 dagger of speed; a +0 robe The orc priest looks satisfied for a moment.
The orc priest mumbles some strange prayers to Beogh against you.
Beogh smites you!
* * * LOW HITPOINT WARNING * * *
Casting: Flame Wave (dangerous; 1% risk of failure)
Confirm with . or Enter, or press ? or * to list all spells.
You conjure some foxfire!
The troll bites you.
* * * LOW HITPOINT WARNING * * *
The troll claws you but does no damage. The troll closely misses you.
The foxfire hits the troll but does no damage.
The troll is severely wounded.
The foxfire hits the troll.
The troll is almost dead.
Casting: Foxfire (safe; 1% risk of failure)
Confirm with . or Enter, or press ? or * to list all spells.
You conjure some foxfire!
The troll barely misses you.
The troll claws you but does no damage. x2
The foxfire hits the troll.
The troll is almost dead.
The foxfire hits the troll but does no damage.
The troll is almost dead.
Casting: Foxfire (safe; 1% risk of failure)
Confirm with . or Enter, or press ? or * to list all spells.
You conjure some foxfire!
The troll misses you. The troll claws you but does no damage.
The troll closely misses you.
Your foxfire dissipates!
The foxfire hits the orc priest.
The orc priest is moderately wounded.
The orc priest calls down the wrath of Beogh upon you.
Beogh smites you!
* * * LOW HITPOINT WARNING * * *
There is a stone staircase leading up here.
Okay, then.
The troll bites you!
You die...

####
#############################....
................@Too..o.....#..#
#..........................)#).#!
#.######################.##..))..
#.# #.####))..
#.######################.# ....
.........................####....
........(...................#####
.........................).......
#################...###########..


You could see a troll, 2 orc priests and an orc.

Vanquished Creatures
  Erica (D:9)
  A centaur warrior (D:10)
  Maggie (D:9)
  A kobold demonologist (D:9)
  A troll (D:10)
  A hornet (D:9)
  Grum (D:9)
  2 steam dragons
  A water moccasin (D:6)
  2 ice beasts
  4 orc warriors
  A black bear (D:4)
  2 wolves (D:9)
  An ogre (D:6)
  3 centaurs
  A phantom (D:4)
  A kobold brigand (D:7)
  A bullfrog (D:8)
  3 wyvern zombies
  2 water moccasin zombies
  7 wights
  5 killer bees (D:10)
  4 howler monkeys
  6 jellies
  3 hounds
  A centaur skeleton (D:6)
  5 orc priests
  A bullfrog skeleton (D:4)
  4 centaur zombies
  3 iguanas
  7 orc wizards
  2 killer bee zombies
  3 howler monkey zombies
  2 howler monkey skeletons (D:7)
  10 adders
  4 river rats
  A shadow imp (D:7)
  A white imp (D:6)
  5 worms
  An adder skeleton (D:4)
  A dart slug (D:2)
  31 orcs
  5 bats
  18 endoplasms
  4 giant cockroaches
  5 goblins
  6 hobgoblins
  12 jackals
  6 quokkas
  9 ball pythons
  9 frilled lizards
  9 kobolds
  29 rats
250 creatures vanquished.

Vanquished Creatures (others)
  An orc (D:10)
  979 foxfires
  3 plants (D:1)
983 creatures vanquished.

Grand Total: 1233 creatures vanquished

Notes
Turn   | Place    | Note
-------+----------+-------------------------------------------
     0 | D:1      | funkygono the Gargoyle Fire Elementalist began the quest
                  | for the Orb.
     0 | D:1      | Reached XP level 1. HP: 10/10 MP: 3/3
   274 | D:1      | Reached XP level 2. HP: 16/16 MP: 1/5
   376 | D:1      | Learned a level 2 spell: Scorch
   867 | D:1      | Reached XP level 3. HP: 20/20 MP: 2/6
  2500 | D:3      | Reached skill level 1 in Fighting
  2500 | D:3      | Reached XP level 4. HP: 25/25 MP: 3/8
  2627 | D:3      | Reached skill level 4 in Fire Magic
  2645 | D:3      | Found a glowing drain.
  2688 | Sewer    | Entered a sewer
  2980 | Sewer    | Reached XP level 5. HP: 29/29 MP: 3/9
  3296 | Sewer    | Reached XP level 6. HP: 34/34 MP: 4/11
  3416 | Sewer    | Found a viscous altar of Jiyva.
  3555 | D:3      | Learned a level 4 spell: Flame Wave
  3796 | D:3      | Identified the +12 spear "Moemmod" {holy, rF+}
  4079 | D:3      | Found a broken altar of Ashenzari.
  4231 | D:3      | Found a stormy altar of Qazlal.
  4418 | D:3      | Found a glowing golden altar of the Shining One.
  4420 | D:3      | Found a shimmering altar of Xom.
  4420 | D:3      | Found a broken altar of Ashenzari.
  4438 | D:3      | Found an ancient bone altar of Kikubaaqudgha.
  4438 | D:3      | Found an ancient bone altar of Kikubaaqudgha.
  4438 | D:3      | Found a shimmering altar of Xom.
  4529 | D:4      | Reached XP level 7. HP: 39/39 MP: 6/13
  4546 | D:4      | Reached skill level 5 in Fire Magic
  5672 | D:5      | Entered Level 5 of the Dungeon
  5682 | D:5      | Reached skill level 5 in Spellcasting
  5683 | D:5      | Reached XP level 8. HP: 30/45 MP: 5/15
  6053 | D:5      | Reached skill level 5 in Conjurations
  6207 | D:5      | Reached skill level 6 in Fire Magic
  6660 | D:6      | Found Biomyen's Distillery.
  6697 | D:6      | Bought a potion of heal wounds for 55 gold pieces
  6697 | D:6      | Bought a potion of heal wounds for 55 gold pieces
  6930 | D:6      | Reached skill level 1 in Maces & Flails
  7122 | D:6      | Reached XP level 9. HP: 51/51 MP: 11/18
  7258 | D:6      | Found a staircase to the Ecumenical Temple.
  7292 | Temple   | Entered the Ecumenical Temple
  7370 | Temple   | Became a worshipper of Vehumet
  7838 | D:6      | Found a shadowy altar of Dithmenos.
  7838 | D:6      | Found a bloodstained altar of Trog.
  7842 | D:6      | Learned a level 2 spell: Blink
  8104 | D:6      | Reached skill level 7 in Fire Magic
  9219 | D:7      | Found a basalt altar of Yredelemnul.
  9874 | D:8      | Reached * piety under Vehumet
  9874 | D:8      | Offered knowledge of Shock by Vehumet.
 10374 | D:8      | Learned a level 1 spell: Shock
 10433 | D:9      | Noticed Erica
 10446 | D:9      | HP: 1/53 [something (4)]
 10447 | D:9      | Killed Erica
 10448 | D:9      | Reached skill level 5 in Fighting
 10448 | D:9      | Reached XP level 10. HP: 29/59 MP: 12/21
 10606 | D:9      | Reached skill level 8 in Fire Magic
 11279 | D:9      | Noticed Maggie
 11297 | D:9      | Killed Maggie
 11482 | D:9      | Noticed Grum
 11504 | D:9      | Killed Grum
 11801 | D:9      | Found a staircase to the Lair.
 11802 | D:9      | Noticed a kobold demonologist
 11806 | D:9      | Noticed an orange demon
 11817 | D:9      | Killed a kobold demonologist
 12141 | D:10     | Entered Level 10 of the Dungeon
 12329 | D:10     | Found a runed translucent door.
 12331 | D:10     | Noticed a wizard
 12331 | D:10     | Noticed erker's ghost (journeyman MiFi)
 12521 | D:10     | Offered knowledge of Static Discharge by Vehumet.
 12629 | D:10     | Reached ** piety under Vehumet
 12780 | D:10     | Noticed a centaur warrior
 12792 | D:10     | Killed a centaur warrior
 13192 | D:10     | Reached skill level 9 in Fire Magic
 13192 | D:10     | Reached XP level 11. HP: 43/64 MP: 13/23
 13208 | D:10     | Slain by a troll

Illustrated notes

Levels and vault maps discovered:
D:1:      saegor_arrival_simple_c, layout_basic, chequers_mini_garden,
          serial_bayou_ford_a
D:2:      layout_basic
D:3:      layout_loops_ring, evilmike_ruin_ashenzari, doesnt_xom_only_xom,
          mainiacjoe_overflow_concentric_impassable, gup_sewer_entry_bubbles,
          minmay_rat_hole
D:4:      layout_basic
D:5:      layout_rooms, grunt_decor_cap, minivault_23, kennysheep_dice
D:6:      layout_cave_pods, gammafunk_temple_overflow_pools,
          minmay_temple_entry_antechambers, serial_shops, nicolae_stop_n_shop_1,
          chequers_serial_rivers_micro_b, minmay_misc_feat_five
D:7:      layout_basic, kennysheep_mini
D:8:      layout_basic, serial_rivers, chequers_serial_rivers_micro_e,
          chequers_serial_rivers_small_b, chequers_serial_rivers_small_a,
          chequers_serial_rivers_large_a, chequers_serial_rivers_small_a,
          minmay_holes, minmay_strange_pillars
D:9:      layout_small_grid, lair_entry_dummy, hangedman_decor_growths,
          uniq_maggie, uniq_erica, uniq_grum
D:10:     layout_long_grid, erik_orc_1, ebering_ghost_inner_flame,
          minmay_misc_feat_pillars
Temple:   eino_temple_rhombus

Skill      XL: |  1  2  3  4  5  6  7  8  9 10 |
---------------+-------------------------------+-----
Fighting       | 1 2 3 5 6 |  6.2
Fire Magic     | 4 5 6 7 9 |  9.0
Spellcasting   | 3 4 5 6 7 8 |  8.7
Conjurations   | 2 3 4 5 7 8 |  8.1
Maces & Flails | 1 3 |  3.2
Dodging        | 2 |  2.7
Stealth        | 3 |  3.3

Action                   |  1- 3 |  4- 6 |  7- 9 | 10-12 || total
-------------------------+-------+-------+-------+-------++-------
Melee: Mace              |    20 |     2 |    44 |    47 ||   113
       Whip              |       |       |    10 |       ||    10
       Punch             |       |       |     1 |     1 ||     2
 Cast: Foxfire           |    65 |   116 |   277 |   108 ||   566
       Scorch            |     3 |     4 |    18 |    25 ||    50
       Flame Wave        |       |       |     1 |     5 ||     6
       Shock             |       |       |       |     3 ||     3
  Use: Scroll            |     6 |     2 |    10 |       ||    18
       Potion            |       |       |     1 |       ||     1
Armor: Robe              |    15 |     1 |    28 |       ||    44
       Steam dragon scal |       |       |    16 |    71 ||    87
Dodge: Dodged            |    20 |     3 |    52 |    80 ||   155
       Repelled          |       |       |       |     1 ||     1
